 Dungeon Crawl Stone Soup version 0.14-a0-1663-g0b35444 (webtiles) character file.

125 Nicoed the Caller (level 3, -1/24 HPs)
             Began as a Vampire Summoner on Dec 29, 2013.
             Slain by a worker ant (3 damage)
             ... on Level 2 of the Dungeon.
             The game lasted 00:11:31 (2993 turns).

Nicoed the Caller (Vampire Summoner)                Turns: 2993, Time: 00:11:31

HP  -1/24        AC  2     Str  7      XL: 3   Next: 50%
MP   2/6         EV 13     Int 18      God:
Gold 77          SH  0     Dex 14      Spells:  2 memorised,  4 levels left

rFire  . . .     SeeInvis +     (no weapon)
rCold  + . .     Clarity  .     a - +0 robe
rNeg   + + .     Conserve .     (no shield)
rPois  +         rCorr    .     (no helmet)
rElec  .         rRot     +     (no cloak)
SustAb . .       Spirit   .     (no gloves)
rMut   .         Warding  .     (no boots)
Saprov . . .     Stasis   .     (no amulet)
                                (no ring)
                                (no ring)

@: regenerating slowly, mildly poisoned, slightly resistant to hostile
enchantments, stealthy
A: fangs 3, see invisible, unbreathing
a: Bat Form


You were on level 2 of the Dungeon.
You were very thirsty.

You visited 1 branch of the dungeon, and saw 3 of its levels.

You collected 77 gold pieces.

Inventory:

Armour
 a - a +0 robe (worn)
Scrolls
 e - a scroll of magic mapping {unknown}
 f - a scroll of identify {unknown}
 g - a scroll of noise {unknown}
 h - a scroll of amnesia {unknown}
 i - 2 scrolls of teleportation {unknown}
 k - a scroll of enchant weapon II {unknown}
 l - a scroll of remove curse {unknown}
Potions
 d - a potion of invisibility {unknown}
 j - a potion of curing
Books
 b - a book of Callings

   Spells                             Type                      Level
   *Summon Small Mammal               Summoning                    1
   *Call Imp                          Summoning                    2
   Call Canine Familiar               Summoning                    3
   Summon Scorpions                   Summoning/Poison             4
   Summon Ice Beast                   Ice/Summoning                4


   Skills:
 + Level 0.1 Fighting
 + Level 2.5 Dodging
 + Level 3.0 Stealth
 + Level 0.2 Unarmed Combat
 + Level 2.8 Spellcasting
 + Level 4.4 Summonings


You had 4 spell levels left.
You knew the following spells:

 Your Spells              Type           Power        Failure   Level  Hunger
a - Summon Small Mammal   Summ           ###.         2%          1    None
b - Call Imp              Summ           ###.......   4%          2    ##.....


Dungeon Overview and Level Annotations

Branches:
Dungeon (3/16)

Altars:

Portals:
Sewer: D:3


Innate Abilities, Weirdness & Mutations

You heal slowly.
You have razor-sharp teeth.*
You have supernaturally acute eyesight.
You can survive without breathing.*


Message History

The giant centipede closely misses your crimson imp.
The worker ant bites your crimson imp.
The giant centipede stings your crimson imp but does no damage.
Your crimson imp blinks!
Your crimson imp hits the giant centipede but does no damage.
You feel sick. The worker ant barely misses you.
Your crimson imp misses the giant centipede.
The worker ant barely misses you.
* * * LOW HITPOINT WARNING * * *
You feel sick. The worker ant bites you.
* * * LOW HITPOINT WARNING * * *
* * * LOW HITPOINT WARNING * * *
You feel sick.
* * * LOW HITPOINT WARNING * * *
You feel sick.
There is a stone staircase leading down here.
The worker ant bites you.
You die...

#.##.##.# ##...#.#
#......... #.......#
#......# ##...#####
######### #......#
#..#.# # #.....##
#....# ### ##....##
#.#### #.. ####..#.##
###.### ##.#
#....###.###.....###.##
#.#5#...#.##.....##.#..
#..##.@.##.#.......##.>
#.#.#a..#.##.....##.#..
#.##s###......>..###.##
#.##..#.########.# #..#
#....(..# ##5#.# #...
####.#### ##.#.5# ##..
#5#######.###s## ##.
#...s.55.#...#.## #.
######..##.>.##.# #.


You could see a worker ant and a giant centipede.

Vanquished Creatures
  A bat (D:1)
  A giant newt (D:1)
2 creatures vanquished.

Vanquished Creatures (collateral kills)
  2 giant centipedes (D:3)
  A worm (D:2)
  A giant cockroach (D:2)
  6 goblins
  11 hobgoblins
  7 bats
  4 giant newts
  5 jackals (D:1)
  11 kobolds
  3 rats
51 creatures vanquished.

Vanquished Creatures (others)
  A crimson imp (D:3)
  A white imp (D:2)
  2 rats (D:1)
4 creatures vanquished.

Grand Total: 57 creatures vanquished

Notes
Turn   | Place    | Note
--------------------------------------------------------------
     0 | D:1      | Nicoed, the Vampire Summoner, began the quest for the Orb.
     0 | D:1      | Reached XP level 1. HP: 13/13 MP: 3/3
   648 | D:1      | Reached XP level 2. HP: 13/19 MP: 1/4
   679 | D:1      | Learned a level 2 spell: Call Imp
  2140 | D:2      | Reached XP level 3. HP: 16/24 MP: 1/6
  2869 | D:3      | Found a glowing drain.
  2993 | D:2      | Slain by a worker ant

Action                   || total
-------------------------++-------
Melee: Unarmed           ||    21
 Cast: Summon Small Mamm ||    19
       Call Imp          ||    60
  Use: Potion            ||     2
